cohdb
Replays
Latest Replays
All Replays
Popular Replays
Top Player Replays
Match Explorer
How It Works
Community
CoH3 Stats
Reddit
Sign in to upload your games and track your stats! →
Sign in with Steam
Match 41117123
Unlisted
Match 41117123
Overview
Messages
Build Orders
End
Selects Italian Combined Arms Battlegroup
Selects Bersaglieri Squad
Bersaglieri Squad
250 Light Carrier
Bersaglieri Squad
Bersaglieri Squad
Construct Light Support Kompanie
Selects Bersaglieri Bolster
2.5-tonne Medical Truck
Fire Support Elements
Panzerjäger Mechanized Group
Selects Breda Model 30 Light Machine Guns
Construct Mechanized Kompanie
254 Reconnaissance Tractor
Marder III Tank Destroyer
MG34 Team
Selects Semovente da 75/18 Assault Gun
Selects Strafing Run
Assault Mechanized Group
StuG III D Assault Gun
Selects Artillery Cover
StuG III D Assault Gun
Emergency Repair Kits
soy_migueleitro
Raystag14
Vodyani "USF" Fox
HelpingHans
Dumpster Bob
Insurmountable Odds
0
0
Comments
sign in to comment!
No comments posted yet!